 Dungeon Crawl Stone Soup version 0.13.0 (webtiles) character file.

250 Lilouch the Covered (level 4, -11/39 HPs)
             Began as a Demigod Fighter on Oct 12, 2013.
             Killed by divine providence
             ... invoked by an orc priest
              (13 damage)
             ... on Level 4 of the Dungeon.
             The game lasted 00:12:21 (2428 turns).

Lilouch the Covered (Demigod Fighter)               Turns: 2428, Time: 00:12:22

HP -11/39        AC  6     Str 22      XL: 4   Next: 53%
MP   7/7         EV  8     Int 12      God:
Gold 125         SH 12     Dex 15      Spells:  0 memorised,  3 levels left

Res.Fire  : . . .   See Invis. : .   a - +0 falchion
Res.Cold  : . . .   Warding    : .   b - +0 scale mail
Life Prot.: . . .   Conserve   : .   q - +1 dwarf buckler
Res.Poison: .       Res.Corr.  : .   (no helmet)
Res.Elec. : .       Clarity    : .   (no cloak)
Sust.Abil.: . .     Spirit.Shd : .   (no gloves)
Res.Mut.  : .       Stasis     : .   (no boots)
Res.Rott. : .       Flight     : .   (no amulet)
Saprovore : . . .                    (no ring)
                                     (no ring)

@: slightly resistant to hostile enchantments, extremely unstealthy
A: no striking features
a: no special abilities


You were on level 4 of the Dungeon.
You were not hungry.

You visited 1 branch of the dungeon, and saw 4 of its levels.

You collected 105 gold pieces.

Inventory:

Hand weapons
 a - a +0,+0 falchion (weapon)
 v - a +0 blowgun
Missiles
 e - 43 stones (quivered)
 m - 5 darts
 p - a dart of dispersal
 u - 12 darts of flame
 y - 6 poisoned needles
Armour
 b - a +0 scale mail (worn)
 c - a +0 shield
 q - a +1 dwarven buckler (worn)
Magical devices
 x - a wand of polymorph (17) {unknown}
Comestibles
 d - 2 bread rations
 h - a chunk of rat flesh
 t - a meat ration
 z - a chunk of ball python flesh
 A - 3 chunks of hobgoblin flesh
Scrolls
 g - 3 scrolls of remove curse {unknown}
 i - 2 scrolls of enchant weapon II {unknown}
 j - 2 scrolls of random uselessness {unknown}
 k - a scroll of fog {unknown}
 l - 2 scrolls of amnesia {unknown}
 n - a scroll of curse armour {unknown}
 s - 2 scrolls of identify {unknown}
Potions
 f - a potion of curing {unknown}
 o - a potion of heal wounds {unknown}
 r - a potion of speed {unknown}
 w - 2 potions of cure mutation {unknown}
 B - a potion of restore abilities {unknown}


   Skills:
 - Level 3.0 Fighting
 * Level 3.1 Long Blades
 + Level 3.4 Armour
 + Level 3.4 Shields


You had 3 spell levels left.
You didn't know any spells.

Dungeon Overview and Level Annotations

Branches:
Dungeon (4/27)
 Temple: D:4-7


Message History

The orc priest hits you with an orcish short sword.
* * * LOW HITPOINT WARNING * * *
You hit the orc priest.
The orc priest is heavily wounded.
The orc priest hits you with an orcish short sword.
* * * LOW HITPOINT WARNING * * *
You hit the orc priest.
The orc priest is severely wounded.
The orc priest hits you with an orcish short sword.
* * * LOW HITPOINT WARNING * * *
You hit the orc priest.
The orc priest is severely wounded.
The orc priest glows brightly for a moment.
The orc priest hits you but does no damage.
You hit the orc priest but do no damage.
The orc priest is severely wounded.
The orc priest closely misses you.
The orc priest invokes the aid of Beogh against you.
Something smites you!
You die...

###...#######..............#
........h..##..#.#.###.....#
...........o..o#.#.# #.....#
..%........###)#.#.###.....#
#.#.$.#.#### #.#.#...>.....#
#...#.# #h#.##.########
#..o#.# #.o....# #...#.#
#.#.##.# #..o#.#
#.#@##.########### ..ooo.#
#.#............... ....###
#.####.########### h
#.####.# #.<....# ########


You could see a hound and an orc priest.

Vanquished Creatures
  5 adders
  A giant gecko (D:3)
  An ooze (D:2)
  9 orcs
  4 bats
  3 goblins
  10 hobgoblins
  A jackal (D:1)
  6 kobolds
  2 ball pythons
  7 giant cockroaches
  5 giant newts
  13 rats
67 creatures vanquished.

Notes
Turn   | Place    | Note
--------------------------------------------------------------
     0 | D:1      | Lilouch, the Demigod Fighter, began the quest for the Orb.
     0 | D:1      | Reached XP level 1. HP: 19/19 MP: 2/2
   249 | D:1      | Reached skill level 3 in Fighting
   306 | D:1      | Reached XP level 2. HP: 20/26 MP: 3/3
  1043 | D:2      | Reached XP level 3. HP: 29/33 MP: 5/5
  1556 | D:3      | Found a snail-covered altar of Cheibriados.
  1725 | D:3      | Noticed a moth of wrath
  1727 | D:3      | Found a bloodstained altar of Trog.
  1849 | D:3      | Reached XP level 4. HP: 23/39 MP: 7/7
  2428 | D:4      | Killed from afar by an orc priest

Action                   |  1- 3 |  4- 6 || total
-------------------------+-------+-------++-------
Melee: Falchion          |   137 |    69 ||   206
